 Dungeon Crawl Stone Soup version 0.27-a0-1319-geec4fb4e21 (webtiles) character file.

Game seed: 71677363643753201

1267 dolemite99 the Covert (level 8, -3/60 HPs)
             Began as a Gnoll Delver on June 22, 2021.
             Was a Believer of Hepliaklqana.
             Slain by an iguana (11 damage)
             ... on level 5 of the Dungeon.
             The game lasted 00:09:42 (6399 turns).

dolemite99 the Covert (Gnoll Delver)                Turns: 6399, Time: 00:09:44

Health: -3/60      AC:  5    Str: 14    XL:     8   Next: 53%
Magic:  12/13      EV: 11    Int: 10    God:    Hepliaklqana [**....]
Gold:   266        SH:  0    Dex: 13    Spells: 13/13 levels left

rFire    + . .     SeeInvis .   b - +1 dagger (venom)
rCold    . . .     Faith    .   (no shield)
rNeg     . . .     Spirit   .   h - +1 scale mail {rF+}
rPois    .         Reflect  .   v - +1 helmet
rElec    .         Harm     .   (no cloak)
rCorr    .         Rampage  .   B - +2 pair of gloves
Will     .....                  (no boots)
Stlth    +++.......             (no amulet)
HPRegen  0.20/turn              (no ring)
MPRegen  0.13/turn              (no ring)

@: corroded
A: reduced essence, fangs 1, strong nose, distributed training
a: Renounce Religion, Recall Ancestor, Ancestor Identity


You were on level 5 of the Dungeon.
You worshipped Hepliaklqana.
Hepliaklqana was pleased with you.
You visited 2 branches of the dungeon, and saw 6 of its levels.

You collected 326 gold pieces.
You spent 60 gold pieces at shops.

Inventory:

Hand Weapons
 a - a +0 short sword
 b - a +1 dagger of venom (weapon)
 i - a +2 antimagic spear
 s - a +2 dagger of protection
 A - a +3 vampiric dagger
Missiles
 f - 233 stones
 p - 19 poisoned darts (quivered)
 u - 119 arrows
Armour
 h - a +1 scale mail of fire resistance (worn)
 j - a +3 ring mail
 n - a +0 chain mail
 v - a +1 helmet (worn)
 B - a +2 pair of gloves (worn)
Jewellery
 y - a ring of ice
Wands
 g - a wand of digging (3)
 k - a wand of paralysis (2)
 m - a wand of charming (13)
 t - a wand of polymorph (8)
Scrolls
 c - a scroll of fog
 d - 2 scrolls of magic mapping
 e - a scroll of fear
 o - 5 scrolls of teleportation
 q - a scroll of blinking
 w - a scroll of torment
Potions
 l - a potion of invisibility {unknown}
 r - 4 potions of curing
 x - 2 potions of brilliance
 z - a potion of heal wounds


   Skills:
 + Level 7.4 Fighting
 + Level 5.7 Short Blades
 + Level 3.3 Long Blades
 + Level 3.3 Axes
 + Level 3.3 Maces & Flails
 + Level 3.3 Polearms
 + Level 3.3 Staves
 + Level 3.3 Slings
 + Level 3.3 Bows
 + Level 3.3 Crossbows
 + Level 3.3 Throwing
 + Level 3.3 Armour
 + Level 5.7 Dodging
 + Level 10.1 Stealth
 + Level 3.3 Shields
 + Level 3.3 Unarmed Combat
 + Level 3.3 Spellcasting
 + Level 2.7 Conjurations
 + Level 2.7 Hexes
 + Level 2.7 Summonings
 + Level 2.7 Necromancy
 + Level 2.7 Translocations
 + Level 2.7 Transmutations
 + Level 2.7 Fire Magic
 + Level 2.7 Ice Magic
 + Level 2.7 Air Magic
 + Level 2.7 Earth Magic
 + Level 2.7 Poison Magic
 + Level 3.7 Invocations
 + Level 3.3 Evocations


You had 13 spell levels left.
You didn't know any spells.
Your spell library contained the following spells:

 Spells                   Type           Power      Damage    Failure   Level
 Animate Skeleton         Necr           14%        N/A       34%         1
 Corona                   Hex            7%         N/A       34%         1
 Foxfire                  Conj/Fire      28%        2x1d5     34%         1
 Freeze                   Ice            28%        1d5       34%         1
 Pain                     Necr           28%        1d5       34%         1
 Sting                    Tmut/Pois      28%        1d4       34%         1
 Ensorcelled Hibernation  Hex/Ice        14%        N/A       47%         2
 Poisonous Vapours        Pois/Air       14%        N/A       47%         2
 Confusing Touch          Hex            7%         N/A       71%         3
 Conjure Flame            Conj/Fire      7%         6-21      71%         3
 Dazzling Flash           Conj/Hex       14%        N/A       71%         3
 Frozen Ramparts          Ice            14%        1d3       71%         3
 Gell's Gravitas          Tloc           3%         N/A       71%         3
 Ignite Poison            Fire/Tmut/Pois 7%         N/A       71%         3
 Inner Flame              Hex/Fire       7%         N/A       71%         3
 Mephitic Cloud           Conj/Pois/Air  7%         N/A       71%         3
 Ozocubu's Armour         Ice            7%         N/A       71%         3
 Tukima's Dance           Hex            7%         N/A       71%         3
 Vampiric Draining        Necr           3%         2d6       71%         3
 Animate Dead             Necr           3%         N/A       98%         4
 Hailstorm                Conj/Ice       7%         3d4       98%         4
 Olgreb's Toxic Radiance  Pois           7%         N/A       98%         4
 Petrify                  Tmut/Erth      7%         N/A       98%         4
 Sticky Flame             Conj/Fire      7%         2d3       98%         4
 Agony                    Necr           7%         N/A       100%        5
 Fireball                 Conj/Fire      3%         3d4       100%        5
 Metabolic Englaciation   Hex/Ice        3%         N/A       100%        5
 Yara's Violent Unravell  Hex/Tmut       3%         3d4       100%        5


Dungeon Overview and Level Annotations

Branches:
Dungeon (5/15)             Temple (1/1) D:4

Altars:
Ashenzari
Cheibriados
Dithmenos
Elyvilon
Fedhas
Gozag
Hepliaklqana
Kikubaaqudgha
Okawaru
Qazlal
Sif Muna
Uskayaw
Vehumet
Wu Jian
Xom
Yredelemnul
Zin
The Shining One

Shops:
D:2 !

Annotations:
D:5 2 runed translucent doors


Innate Abilities, Weirdness & Mutations

Your life essence is reduced to manifest your ancestor. (-10% HP)
You have very sharp teeth.
Your uncanny sense of smell can sniff out nearby items.
Your experience applies equally to all skills.


Message History

The acid dragon is almost dead.
The acid dragon closely misses you. The acid dragon claws you.
You barely miss the acid dragon.
The acid dragon is almost dead.
The iguana bites you. The acid dragon spits acid at you.
The splash of acid hits you. The acid corrodes you!
You are splashed with acid!
* * * LOW HITPOINT WARNING * * *
You hit the acid dragon but do no damage.
The acid dragon is almost dead.
You kill the acid dragon!
The iguana barely misses you.
You closely miss the iguana. You hit the iguana but do no damage.
The iguana is poisoned.
The iguana misses you.
You hit the iguana but do no damage.
The iguana looks as sick as possible!
The iguana bites you.
* * * LOW HITPOINT WARNING * * *
You hit the iguana but do no damage.
The iguana looks as sick as possible!
The iguana is lightly wounded.
The iguana bites you.
* * * LOW HITPOINT WARNING * * *
You hit the iguana but do no damage.
The iguana looks as sick as possible!
You punch the iguana, but do no damage.
The iguana is lightly wounded.
Your scale mail prevents you from hitting the iguana.
You bite the iguana, but do no damage.
The iguana is lightly wounded.
The iguana bites you.
* * * LOW HITPOINT WARNING * * *
You hit the iguana but do no damage. You bite the iguana, but do no damage.
The iguana is lightly wounded.
The iguana bites you.
* * * LOW HITPOINT WARNING * * *
You barely miss the iguana.
The iguana is lightly wounded.
You hit the iguana but do no damage.
The iguana is lightly wounded.
The iguana bites you!
You die...

#>........# #...## #.........
#..... #........ ##.... #.......#
#..## #.......# ∆#..## +.......+
∆ #.... #.......# #....
#..l....########..##
#..@.....##≈≈≈##..PP ##########
#.......##≈≈⌠≈≈##..#
..#......#+###.......#≈≈...≈≈≈≈≈≈
..'..................#≈⌠._.......
..#..................#≈≈...≈≈≈≈≈≈
..#..................##≈≈⌠≈≈##.P#
..#######.............##≈≈≈##...P
........'.....###############....
........#.....#........#....#....


You could see an iguana (extremely poisoned).

Vanquished Creatures
  Grinder (D:5)
  Edmund (D:4)
  An acid dragon (D:5)
  A scorpion (D:4)
  A water moccasin zombie (D:5)
  A jelly (D:4)
  An orc priest (D:5)
  4 hounds (D:5)
  A bullfrog skeleton (D:4)
  A gnoll shaman (D:4)
  2 iguanas (D:4)
  Jessica (D:2)
  Terence (D:2)
  5 orc wizards
  Robin (D:4)
  3 gnolls (D:4)
  An ufetubus (D:2)
  A dart slug (D:3)
  13 orcs
  3 ball pythons
  3 endoplasms
  A giant cockroach (D:4)
  5 hobgoblins
  5 jackals
  4 quokkas
  4 bats
  4 frilled lizards
  9 goblins
  6 kobolds
  2 rats
87 creatures vanquished.

Vanquished Creatures (collateral kills)
  An ogre (D:4)
  An iguana (D:5)
  2 gnolls (D:4)
  3 orcs
  An endoplasm (D:3)
  A goblin (D:4)
  A hobgoblin (D:4)
  A jackal (D:4)
  A frilled lizard (D:3)
  A rat (D:3)
13 creatures vanquished.

Vanquished Creatures (others)
  A battlemage (D:5)
  2 ancestors (D:4)
  5 toadstools (D:1)
8 creatures vanquished.

Grand Total: 108 creatures vanquished

Notes
Turn   | Place    | Note
-------+----------+-------------------------------------------
     0 | D:5      | Reached skill level 9 in Stealth
     0 | D:5      | dolemite99 the Gnoll Delver began the quest for the Orb.
     0 | D:5      | Reached XP level 1. HP: 23/23 MP: 1/1
    17 | D:5      | Noticed a hound
    32 | D:5      | Killed a hound
    33 | D:5      | Reached XP level 2. HP: 29/29 MP: 2/2
    33 | D:5      | Reached XP level 3. HP: 35/35 MP: 3/3
    54 | D:5      | Reached skill level 1 in Long Blades
    54 | D:5      | Reached skill level 1 in Axes
    54 | D:5      | Reached skill level 1 in Maces & Flails
    54 | D:5      | Reached skill level 1 in Polearms
    54 | D:5      | Reached skill level 1 in Staves
    54 | D:5      | Reached skill level 1 in Slings
    54 | D:5      | Reached skill level 1 in Bows
    54 | D:5      | Reached skill level 1 in Crossbows
    54 | D:5      | Reached skill level 1 in Throwing
    54 | D:5      | Reached skill level 1 in Armour
    54 | D:5      | Reached skill level 1 in Shields
    54 | D:5      | Reached skill level 1 in Unarmed Combat
    54 | D:5      | Reached skill level 1 in Spellcasting
    54 | D:5      | Reached skill level 1 in Invocations
    54 | D:5      | Reached skill level 1 in Evocations
    54 | D:5      | Reached XP level 4. HP: 28/41 MP: 3/5
   467 | D:4      | Noticed Edmund
   544 | D:4      | Found a staircase to the Ecumenical Temple.
   550 | Temple   | Entered the Ecumenical Temple
   739 | Temple   | Became a worshipper of Hepliaklqana the Forgotten
   900 | D:3      | Reached skill level 1 in Conjurations
   900 | D:3      | Reached skill level 1 in Hexes
   900 | D:3      | Reached skill level 1 in Summonings
   900 | D:3      | Reached skill level 1 in Necromancy
   900 | D:3      | Reached skill level 1 in Translocations
   900 | D:3      | Reached skill level 1 in Transmutations
   900 | D:3      | Reached skill level 1 in Fire Magic
   900 | D:3      | Reached skill level 1 in Ice Magic
   900 | D:3      | Reached skill level 1 in Air Magic
   900 | D:3      | Reached skill level 1 in Earth Magic
   900 | D:3      | Reached skill level 1 in Poison Magic
   963 | D:3      | Reached XP level 5. HP: 6/47 MP: 6/6
  1401 | D:3      | Found a glowing golden altar of the Shining One.
  1660 | D:2      | Noticed Terence
  1667 | D:2      | Found Lenkeidd's Distillery.
  1683 | D:2      | Killed Terence
  1754 | D:2      | Bought a potion of curing for 30 gold pieces
  1754 | D:2      | Bought a potion of lignification for 30 gold pieces
  1952 | D:2      | Noticed Jessica
  1994 | D:2      | Killed Jessica
  2421 | D:1      | Reached XP level 6. HP: 51/53 MP: 8/8
  2722 | D:1      | Found a faded altar of an unknown god.
  3126 | D:1      | Reached * piety under Hepliaklqana
  3789 | D:4      | Noticed Robin
  3806 | D:4      | Reached skill level 5 in Short Blades
  3806 | D:4      | Reached skill level 5 in Dodging
  3825 | D:4      | Killed Robin
  4553 | D:4      | Reached XP level 7. HP: 45/53 MP: 10/10
  4704 | D:4      | Killed Edmund
  5060 | D:4      | Found an iron altar of Okawaru.
  5181 | D:4      | Found a stormy altar of Qazlal.
  5517 | D:5      | Noticed Grinder
  5535 | D:5      | Killed Grinder
  5536 | D:5      | Reached skill level 10 in Stealth
  5536 | D:5      | Reached XP level 8. HP: 60/60 MP: 12/12
  5774 | D:5      | Found a white marble altar of Elyvilon.
  6321 | D:5      | Found a large runed translucent door.
  6322 | D:5      | Found a large runed translucent door.
  6347 | D:5      | Reached ** piety under Hepliaklqana
  6349 | D:5      | Remembered your ancestor Ahmose as a battlemage
  6399 | D:5      | Slain by an iguana

Illustrated notes

Levels and vault maps discovered:
D:1:      ncdulo_smallfort, layout_loops_cross,
          shapermc_ecumenical_altar_mp_ritualfount, minmay_fountain_box,
          minmay_gold_behind_fungi, nrook_uturn
D:2:      layout_basic, serial_shops, shop, uniq_jessica, uniq_terence
D:3:      layout_basic, nicolae_tso_swordbearing_angel, minmay_statues_item,
          minmay_close_crescents
D:4:      layout_loops_corners, grunt_qazlal_clouds,
          nicolae_overflow_crystal_walls, minmay_temple_entry_wispy, uniq_robin,
          uniq_edmund
D:5:      layout_gridville, jmf_multi_god_temple2, nicolae_elyvilon_temple_path,
          grunt_ministairs_5, serial_bayou_lake_a, uniq_grinder
Temple:   eino_narrow_crystal_temple

Skill      XL: |  1  2  3  4  5  6  7 |
---------------+----------------------+-----
Stealth        | 10 | 10.1
Long Blades    | 1 2 3 |  3.3
Axes           | 1 2 3 |  3.3
Maces & Flails | 1 2 3 |  3.3
Polearms       | 1 2 3 |  3.3
Staves         | 1 2 3 |  3.3
Slings         | 1 2 3 |  3.3
Bows           | 1 2 3 |  3.3
Crossbows      | 1 2 3 |  3.3
Throwing       | 1 2 3 |  3.3
Armour         | 1 2 3 |  3.3
Shields        | 1 2 3 |  3.3
Unarmed Combat | 1 2 3 |  3.3
Spellcasting   | 1 2 3 |  3.3
Invocations    | 1 2 3 |  3.7
Evocations     | 1 2 3 |  3.3
Conjurations   | 1 2 |  2.7
Hexes          | 1 2 |  2.7
Summonings     | 1 2 |  2.7
Necromancy     | 1 2 |  2.7
Translocations | 1 2 |  2.7
Transmutations | 1 2 |  2.7
Fire Magic     | 1 2 |  2.7
Ice Magic      | 1 2 |  2.7
Air Magic      | 1 2 |  2.7
Earth Magic    | 1 2 |  2.7
Poison Magic   | 1 2 |  2.7
Short Blades   | 5 |  5.7
Dodging        | 5 |  5.7
Fighting       | 7 |  7.4

Action                   |  1- 3 |  4- 6 |  7- 9 || total
-------------------------+-------+-------+-------++-------
Melee: Short sword       |    13 |   125 |       ||   138
       Bite              |     2 |    27 |    11 ||    40
       Punch             |       |     3 |     2 ||     5
       Dagger            |       |   216 |    98 ||   314
Throw: Stone             |       |    50 |       ||    50
       Dart              |       |       |    40 ||    40
Invok: Recall Ancestor   |       |       |     1 ||     1
       Ancestor Life: Ba |       |       |     1 ||     1
Evoke: Wand              |       |       |     3 ||     3
  Use: Potion            |       |     8 |       ||     8
       Scroll            |       |       |     8 ||     8
 Stab: Sleeping          |     1 |     3 |     1 ||     5
       Paralysed         |       |       |     1 ||     1
       Distracted        |       |       |     1 ||     1
Armor: Leather armour    |     2 |       |       ||     2
       Ring mail         |       |   143 |     4 ||   147
       Skin              |       |     7 |       ||     7
       Scale mail        |       |       |    20 ||    20
Dodge: Dodged            |     8 |   197 |    36 ||   241

Table legend: (Time is in decaauts)
 A = Elapsed time spent in this place.
 B = Non-inter-level travel time spent in this place.
 C = Inter-level travel time spent in this place.
 D = Time resting spent in this place.
 E = Time spent auto-exploring this place.
 F = Levels seen in this place.
 G = Mean time per level.
                   A        B        C        D        E       F      G
               +--------+--------+--------+--------+--------+-----+--------+
         Total |   6328 |   6035 |    293 |   1495 |   3241 |   6 | 1054.7 |
       Dungeon |   6123 |   5864 |    259 |   1495 |   3074 |   5 | 1224.6 |
        Temple |    204 |    170 |     34 |      0 |    167 |   1 |  204.0 |
               +--------+--------+--------+--------+--------+-----+--------+

Top non-repeatable levels by time:
     D:4: 1998 daAuts
     D:5: 1357 daAuts
     D:3: 1112 daAuts
     D:1: 830 daAuts
     D:2: 824 daAuts
  Temple: 204 daAuts
